Map: Abyssal Reef LE

Players

herO - Winner!

  • Race: Protoss Protoss
  • League: Master
  • Spawn Location: 5:00

INnoVation

  • Race: Terran Terran
  • Spawn Location: 11:00

VOD

Have the link to the VOD?

Description

Time

  • Played on: July 28, 2017, 11:10 p.m.
  • Length: 6:30
Show
View Real Time Build Order
Export as new Build Order

herO Protoss - Winner!

Build Orders: Oracle Opening 

Get SALT Encoding   

  12  0:01  Probe (Chrono Boost)  
  13  0:12  Pylon  
  13  0:17  Probe (Chrono Boost)  
  14  0:27  Probe (Chrono Boost)  
  15  0:34  Gateway  
  15  0:38  Probe (Chrono Boost)  
  16  0:43  Assimilator  
  16  0:48  Probe (Chrono Boost)  
  17  0:52  Assimilator  
  17  0:59  Probe (Chrono Boost)  
  18  1:09  Probe (Chrono Boost)  
  19  1:20  Probe (Chrono Boost)  
  19  1:21  Zealot (Chrono Boost), Cybernetics Core  
  22  1:32  Pylon  
  22  1:35  Probe (Chrono Boost)  
  24  1:59  Mothership Core (Chrono Boost), Stargate  
  25  2:03  Adept (Chrono Boost)  
  27  2:17  Probe (Chrono Boost)  
  27  2:22  Pylon  
  28  2:25  Pylon  
  28  2:29  Probe (Chrono Boost)  
  27  2:42  Oracle (Chrono Boost)  
  30  2:46  Adept  
  30  2:49  Probe  
  33  2:54  Warp Gate  
  33  3:01  Probe  
  32  3:14  Oracle (Chrono Boost)  
  35  3:38  Nexus  
  35  3:45  Oracle (Chrono Boost)  
  35  3:46  Probe  
  39  3:52  Pylon  
  39  3:59  Probe  
  40  4:16  Oracle (Chrono Boost)  
  43  4:27  Gateway  
  43  4:29  Gateway  
  41  4:48  Probe  
  41  4:49  Probe  
  45  4:54  Pylon  
  45  4:59  Probe  
  45  5:01  Probe  
  45  5:03  Stalker  
  49  5:10  Probe  
  49  5:13  Probe  
  49  5:20  Assimilator x2  
  46  5:22  Robotics Facility  
  46  5:29  Zealot x2  
  46  5:30  Zealot  
  52  5:36  Pylon  
  52  5:53  Pylon  
  52  5:54  Stalker x2  
  52  5:55  Stalker  
  58  5:58  Probe  
  58  5:59  Probe  
  51  6:13  Probe  
  51  6:14  Probe  
  49  6:21  Stalker x3  
Show
View Real Time Build Order
Export as new Build Order

INnoVation Terran 

Build Orders: Cyclone Opening, Reaper Expand 

Get SALT Encoding   

  12  0:00  SCV  
  13  0:12  SCV  
  14  0:17  Supply Depot  
  14  0:24  SCV  
  14  0:28  Refinery  
  15  0:38  SCV  
  16  0:44  Barracks  
  16  0:50  SCV  
  17  1:03  SCV  
  18  1:15  SCV  
  19  1:30  Orbital Command  
  19  1:31  Reaper  
  20  1:42  Command Center  
  20  1:52  Factory  
  20  1:57  SCV  
  21  2:04  Refinery  
  21  2:05  Barracks Reactor  
  21  2:09  SCV  
  21  2:13  Supply Depot  
  22  2:21  SCV  
  23  2:35  SCV  
  24  2:39  Cyclone  
  24  2:40  Marine x2  
  29  2:45  Supply Depot  
  29  2:48  SCV  
  30  3:00  Marine  
  30  3:03  Marine  
  30  3:04  SCV  
  31  3:11  Cyclone  
  34  3:15  Supply Depot  
  34  3:21  Starport  
  34  3:33  Barracks Reactor  
  34  3:37  SCV  
  34  3:40  Supply Depot  
  35  4:02  SCV, Cyclone, Viking  
  35  4:09  Supply Depot  
  34  4:13  Marine x2  
  34  4:14  SCV  
  36  4:26  SCV  
  36  4:32  Viking  
  36  4:34  Marine  
  36  4:35  Marine  
  36  4:38  SCV  
  41  4:42  Cyclone  
  44  4:50  SCV  
  45  4:53  Marine x2  
  45  4:55  Supply Depot  
  45  4:59  Liberator  
  47  5:12  SCV  
  45  5:14  Marine x2  
  45  5:19  Cyclone  
  50  5:22  Supply Depot  
  50  5:26  Engineering Bay  
  50  5:32  Marine x2  
  52  5:44  Supply Depot  
  52  5:52  Missile Turret  
  52  5:58  Marine x2  
Tags
 
Add a new tag
Caveats
  • Supply blocks, unpowered buildings, or Contaminate may cause inaccurate times.
  • Supply counts are checked every 10 seconds.